 Dungeon Crawl Stone Soup version 0.20.1-1-g8b1a95d (webtiles) character file.

8538 slep the Carver (level 11, -3/75 HPs)
             Began as a Demonspawn Gladiator on Dec 21, 2017.
             Was a High Priest of Okawaru.
             Slain by an ice dragon (8 damage)
             ... on level 9 of the Dungeon.
             The game lasted 00:31:01 (7748 turns).

slep the Carver (Demonspawn Gladiator)              Turns: 7748, Time: 00:31:03

Health: -3/75      AC: 17    Str: 22    XL:     11   Next: 11%
Magic:  9/9        EV: 13    Int: 10    God:    Okawaru [*****.]
Gold:   299        SH:  5    Dex: 18    Spells: 10/10 levels left

rFire    + . .     SeeInvis .   H - +5 long sword "Ifex" {freeze, rElec Str+4 Dex+4}
rCold    . . .     Gourm    .   O - +0 buckler
rNeg     . . .     Faith    .   g - +0 scale mail (curse)
rPois    +         Spirit   .   (helmet restricted)
rElec    +         Reflect  .   W - +1 cloak {+Inv}
rCorr    .         Harm     .   M - +0 pair of gloves
MR       +....                  (no boots)
Stlth    +.........             (no amulet)
Regen    0.3/turn               v - ring of poison resistance
MPRegen  0.2/turn               t - ring of protection from magic

@: no status effects
A: antennae 1, claws 1, iridescent scales 3, deterioration 1, fire resistance 1,
frail 1, low mp 1, spiny 1
a: Heroism, Finesse, Renounce Religion, Evoke Invisibility


You were on level 9 of the Dungeon.
You worshipped Okawaru.
Okawaru was extremely pleased with you.
You were not hungry.

You visited 2 branches of the dungeon, and saw 10 of its levels.

You collected 421 gold pieces.
You spent 122 gold pieces at shops.

Inventory:

Hand Weapons
 a - a +0 long sword
 H - the +5 long sword "Ifex" (weapon) {freeze, rElec Str+4 Dex+4}
   (You found it on level 5 of the Dungeon)

   It has been specially enchanted to freeze those struck by it, causing extra
   injury to most foes and up to half again as much damage against particularly
   susceptible opponents.
   It can also slow down cold-blooded creatures.
   It affects your strength (+4).
   It affects your dexterity (+4).
   It insulates you from electricity.
Missiles
 d - 3 throwing nets
 l - 35 poisoned needles
 B - 14 tomahawks (quivered)
 S - 9 sling bullets
 X - 2 javelins of penetration
Armour
 b - a +0 leather armour
 c - a +0 helmet
 g - a cursed +0 scale mail (worn)
 k - a +3 leather armour
 u - a +3 ring mail of positive energy
 G - a +0 cloak
 M - a +0 pair of gloves (worn)
 O - a +0 buckler (worn)
 W - a +1 cloak of invisibility (worn)
Jewellery
 i - an uncursed ring of flight
 t - a ring of protection from magic (right hand)
 v - a ring of poison resistance (left hand)
 P - an uncursed ring of protection from cold {unknown}
Wands
 A - a wand of scattershot (4/9)
 R - a wand of acid (1/15)
Scrolls
 n - 10 scrolls of teleportation {unknown}
 q - 2 scrolls of blinking {unknown}
 r - a scroll of noise {unknown}
 x - 3 scrolls of fear {unknown}
 y - 2 scrolls of enchant weapon {unknown}
 D - 8 scrolls of identify {unknown}
 E - 2 scrolls of fog {unknown}
 F - 2 scrolls of remove curse {unknown}
 I - a scroll of amnesia {unknown}
 K - a scroll of recharging {unknown}
 L - 2 scrolls of magic mapping {unknown}
 U - 2 scrolls of enchant armour {unknown}
Potions
 e - 2 potions of ambrosia {unknown}
 h - 3 potions of heal wounds {unknown}
 m - 4 potions of mutation {unknown}
 p - a potion of might {unknown}
 s - a potion of degeneration {unknown}
 w - 2 potions of lignification {unknown}
 C - 3 potions of curing {unknown}
 J - a potion of agility
 N - a potion of brilliance {unknown}
 Q - 2 potions of invisibility {unknown}
 T - a potion of cancellation {unknown}
Comestibles
 f - 9 bread rations
 j - 3 royal jellies
 o - 8 fruits
 z - 5 meat rations
 V - 4 chunks of flesh


   Skills:
 + Level 7.1 Fighting
 + Level 11.4 Long Blades
 + Level 3.1 Throwing
 + Level 6.6 Armour
 + Level 5.5 Dodging
 + Level 1.1 Stealth
 + Level 2.4 Shields
 + Level 1.2 Unarmed Combat


You had 10 spell levels left.
You didn't know any spells.

Dungeon Overview and Level Annotations

Branches:
Dungeon (9/15)             Temple (1/1) D:5            Lair (0/6) D:8
    Orc: D:9-12

Altars:
Ashenzari
Dithmenos
Fedhas
Gozag
Hepliaklqana
Kikubaaqudgha
Makhleb
Nemelex Xobeh
Okawaru
Qazlal
Ru
Sif Muna
Trog
Uskayaw
Vehumet
Xom
Yredelemnul
Zin
The Shining One

Shops:
D:4 (*


Innate Abilities, Weirdness & Mutations

You have a pair of small antennae on your head.
You are completely covered in iridescent scales. (AC +6)
You are partially covered in sharp spines.
You have sharp fingernails.
Your body sometimes deteriorates upon taking damage.
Your flesh is heat resistant. (rF+)
You are frail. (-10% HP)
Your magical capacity is low. (-10% MP)


Message History

The ice dragon bites you.
* * * LOW HITPOINT WARNING * * *
The ice dragon claws you.
* * * LOW HITPOINT WARNING * * *
The ice dragon tramples you but does no damage.
You slash the ice dragon!
The ice dragon is heavily wounded.
The ice dragon breathes frost at you. The blast of cold misses you.
Evoke which item? (* to show all) (? for menu, Esc to quit)
Aiming: Corrosive Bolt (will waste charges)
Press: ? - help, Shift-Dir - straight line, f/p - ice dragon
Aim: an ice dragon (heavily wounded, catching its breath, covered in acid)
The bolt of acid hits the ice dragon.
The ice dragon is splashed with acid.
The acid corrodes the ice dragon!
The ice dragon is severely wounded.
Evoking this partially-identified wand wasted a few charges.
The ice dragon is struck by your spines.
The ice dragon bites you!
You die...

##.#####################
####.# #....# #.####
#.## ######### #..#
####...≈≈≈≈# ##.######
##.......≈≈≈#
#......#####........≈≈≈≈
######.....@D......≈≈≈≈≈
#####.........≈≈≈≈$
###......≈≈≈..$
##....≈≈≈....
###..≈≈≈≈... ##########


You could see an ice dragon.

Vanquished Creatures
  3 two-headed ogres
  Maurice (D:9)
  3 hippogriffs
  A slime creature (D:8)
  4 yaks (D:9)
  A hungry ghost (D:8)
  2 hell hounds (D:8)
  2 orc warriors (D:8)
  3 sky beasts
  An ice beast (D:5)
  An eye of draining (D:9)
  A necrophage (D:9)
  5 phantoms
  7 centaurs
  5 ogres
  A big kobold (D:8)
  3 bullfrogs (D:8)
  A wyvern zombie (D:8)
  4 scorpions
  11 killer bees
  2 howler monkeys
  2 crimson imps (D:5)
  A bullfrog zombie (D:7)
  A centaur zombie (D:6)
  2 hounds
  A bullfrog skeleton (D:7)
  4 orc priests
  Crazy Yiuf (D:3)
  5 iguanas
  Ijyb (D:3)
  Terence (D:3)
  8 orc wizards
  10 worker ants
  A killer bee zombie (D:7)
  2 hound zombies
  A hound skeleton (D:6)
  A mummy (D:4)
  A worker ant zombie (D:9)
  6 gnolls
  9 adders
  A shadow imp (D:7)
  2 oozes
  2 adder skeletons
  4 worms
  4 dart slugs
  8 leopard geckos
  22 orcs
  3 ball pythons
  4 bats
  3 giant cockroaches
  7 goblins
  8 hobgoblins
  12 jackals
  8 quokkas
  3 frilled lizards
  2 hobgoblin zombies (D:4)
  16 kobolds
  A kobold zombie (D:4)
  A leopard gecko skeleton (D:4)
  An orc zombie (D:4)
  A quokka skeleton (D:8)
  6 rats
239 creatures vanquished.

Vanquished Creatures (others)
  A worm (D:5)
1 creature vanquished.

Grand Total: 240 creatures vanquished

Notes
Turn   | Place    | Note
-------+----------+-------------------------------------------
     0 | D:1      | slep the Demonspawn Gladiator began the quest for the Orb.
     0 | D:1      | Reached XP level 1. HP: 16/16 MP: 1/1
   301 | D:1      | Reached skill level 3 in Long Blades
   357 | D:1      | Gained mutation: You have a pair of small antennae on your head. [demonic ancestry]
   357 | D:1      | Reached XP level 2. HP: 19/22 MP: 2/2
   856 | D:1      | Reached XP level 3. HP: 15/27 MP: 3/3
  1594 | D:2      | Reached skill level 1 in Armour
  1594 | D:2      | Reached XP level 4. HP: 11/34 MP: 4/4
  1930 | D:2      | Found a stormy altar of Qazlal.
  2248 | D:3      | Reached skill level 4 in Long Blades
  2248 | D:3      | Gained mutation: You are partially covered in iridescent scales. (AC +2) [demonic ancestry]
  2248 | D:3      | Reached XP level 5. HP: 37/39 MP: 5/5
  2253 | D:3      | Noticed Terence
  2261 | D:3      | Killed Terence
  2313 | D:3      | Noticed Ijyb
  2572 | D:3      | Killed Ijyb
  2801 | D:3      | Found a runed door.
  2966 | D:4      | Gained mutation: You are mostly covered in iridescent scales. (AC +4) [demonic ancestry]
  2966 | D:4      | Reached XP level 6. HP: 38/46 MP: 6/6
  3133 | D:4      | Reached skill level 5 in Long Blades
  3342 | D:4      | Found a deep blue altar of Sif Muna.
  3342 | D:4      | Found a bloodstained altar of Trog.
  3372 | D:4      | Found Hiloy's Assorted Antiques.
  3383 | D:4      | Bought a scroll labeled BENU REREA for 18 gold pieces
  3383 | D:4      | Bought a white potion for 16 gold pieces
  3383 | D:4      | Bought a white potion for 16 gold pieces
  3383 | D:4      | Bought a scroll labeled BENU REREA for 18 gold pieces
  3383 | D:4      | Bought 2 scrolls labeled LUGUAV ODAU for 36 gold pieces
  3383 | D:4      | Bought a scroll labeled OFRACV OGOD for 18 gold pieces
  3593 | D:4      | Found Rabig's Antique Weapon Emporium.
  4173 | D:3      | Noticed Crazy Yiuf
  4177 | D:3      | Paralysed by Crazy Yiuf for 7 turns
  4188 | D:3      | Killed Crazy Yiuf
  4267 | D:5      | Entered Level 5 of the Dungeon
  4267 | D:5      | Found a staircase to the Ecumenical Temple.
  4274 | Temple   | Entered the Ecumenical Temple
  4506 | D:5      | Gained mutation: You are partially covered in sharp spines. [demonic ancestry]
  4506 | D:5      | Reached XP level 7. HP: 48/52 MP: 7/7
  4556 | D:5      | Got a warped long sword
  4557 | D:5      | Identified the +5 long sword "Ifex" {freeze, rElec Str+4 Dex+4} (You found it on level 5 of the Dungeon)
  4613 | D:5      | Reached skill level 1 in Unarmed Combat
  4619 | D:5      | Reached skill level 6 in Long Blades
  4853 | D:5      | Found a sparkling altar of Nemelex Xobeh.
  4894 | D:5      | Gained mutation: You are completely covered in iridescent scales. (AC +6) [demonic ancestry]
  4894 | D:5      | Reached XP level 8. HP: 58/60 MP: 8/8
  5226 | D:6      | Reached skill level 7 in Long Blades
  5230 | D:6      | Gained mutation: You are weak. (Str -2) [mutagenic meat]
  5231 | D:6      | Gained mutation: Your body sometimes deteriorates upon taking damage. [mutagenic meat]
  5232 | D:6      | Gained mutation: Your flesh is heat resistant. (rF+) [mutagenic meat]
  5233 | D:6      | Gained mutation: You have sharp fingernails. [mutagenic meat]
  5234 | D:6      | Lost mutation: You are weak. (Str -2) [mutagenic meat]
  5308 | D:6      | Found a hide-covered altar of Uskayaw.
  5352 | D:6      | Reached skill level 8 in Long Blades
  5465 | D:6      | Found an iron altar of Okawaru.
  5476 | D:6      | Became a worshipper of Warmaster Okawaru
  5806 | D:6      | Reached XP level 9. HP: 67/67 MP: 9/9
  5868 | D:7      | Reached skill level 5 in Fighting
  5891 | D:7      | Found a shattered altar of Ashenzari.
  5981 | D:7      | Reached * piety under Okawaru
  6108 | D:7      | Reached skill level 9 in Long Blades
  6108 | D:7      | Reached skill level 5 in Armour
  6354 | D:8      | Found a basalt altar of Yredelemnul.
  6358 | D:8      | Reached skill level 1 in Stealth
  6365 | D:8      | Gained mutation: You are frail. (-10% HP) [mutagenic meat]
  6366 | D:8      | Gained mutation: Your magical capacity is low. (-10% MP) [mutagenic meat]
  6460 | D:8      | Reached ** piety under Okawaru
  6605 | D:8      | Reached skill level 10 in Long Blades
  6605 | D:8      | Reached XP level 10. HP: 58/68 MP: 9/9
  6688 | D:8      | Noticed a two-headed ogre
  6695 | D:8      | Killed a two-headed ogre
  6695 | D:8      | Reached *** piety under Okawaru
  6695 | D:8      | Reached skill level 5 in Dodging
  6695 | D:8      | Reached skill level 1 in Shields
  6822 | D:8      | Found a staircase to the Lair.
  6918 | D:8      | Noticed a two-headed ogre
  6932 | D:8      | Killed a two-headed ogre
  6932 | D:8      | Reached **** piety under Okawaru
  7311 | D:8      | Found a radiant altar of Vehumet.
  7434 | D:9      | Noticed Maurice
  7467 | D:9      | Reached skill level 11 in Long Blades
  7485 | D:9      | Killed Maurice
  7485 | D:9      | Reached ***** piety under Okawaru
  7545 | D:9      | Found a blossoming altar of Fedhas.
  7649 | D:9      | Noticed a two-headed ogre
  7654 | D:9      | Killed a two-headed ogre
  7654 | D:9      | Received a gift from Okawaru
  7654 | D:9      | Reached XP level 11. HP: 56/75 MP: 9/9
  7733 | D:9      | Noticed an ice dragon
  7748 | D:9      | Slain by an ice dragon

Skill      XL: |  1  2  3  4  5  6  7  8  9 10 |
---------------+-------------------------------+-----
Long Blades    | 3 4 5 6 8 10 11 | 11.4
Dodging        | 3 4 5 |  5.5
Armour         | 1 2 3 4 5 6 |  6.6
Fighting       | 3 4 5 7 |  7.1
Unarmed Combat | 1 |  1.2
Stealth        | 1 |  1.1
Shields        | 2 |  2.4
Throwing       | 3 |  3.1

Action                   |  1- 3 |  4- 6 |  7- 9 | 10-12 || total
-------------------------+-------+-------+-------+-------++-------
Melee: Long sword        |    92 |   281 |   225 |   133 ||   731
       Unarmed           |       |    48 |       |       ||    48
       Punch             |       |     1 |     1 |       ||     2
Throw: Tomahawk          |       |       |       |    14 ||    14
Evoke: Wand              |       |       |       |     3 ||     3
  Eat: Chunk             |     2 |    10 |    14 |     4 ||    30
Armor: Leather armour    |     8 |       |       |       ||     8
       Scale mail        |    28 |   137 |   106 |    44 ||   315
Dodge: Dodged            |    63 |   206 |   134 |    62 ||   465
Block: Buckler           |       |       |    19 |    28 ||    47
       Rpst.: Long sword |    22 |    58 |    34 |    14 ||   128
